[ PARTIDA AOE2 · #484447331 ]
UnrankedTártaros vs Portuguese
[ ANÁLISIS DE REPETICIÓN · EXTRAÍDO DE LA PARTIDA GRABADA ]
Feudal
15:12
Castillos
—
Imperial
—
| APM promedio | 28.7 |
| APM pico | 60 |
| eAPM promedio | 17.0 |
| Aldeanos / militares | 54 / 28 |
Foco
⚔️ 26.2% · 🌾 73.8%
Militia ×24 · Scout Cavalry ×4
Feudal
10:59
Castillos
23:48
Imperial
—
| APM promedio | 13.5 |
| APM pico | 30 |
| eAPM promedio | 9.1 |
| Aldeanos / militares | 56 / 15 |
Foco
⚔️ 22.8% · 🌾 77.2%
Camel Scout ×8 · Spearman ×7
Feudal
10:42
Castillos
23:04
Imperial
—
| APM promedio | 45.5 |
| APM pico | 84 |
| eAPM promedio | 13.6 |
| Aldeanos / militares | 54 / 35 |
Foco
⚔️ 37.4% · 🌾 62.6%
Cavalry Archer ×15 · Archer ×10 · Militia ×5 · Skirmisher ×3 · Mangonel ×2
Feudal
13:19
Castillos
25:04
Imperial
—
| APM promedio | 51.7 |
| APM pico | 91 |
| eAPM promedio | 20.8 |
| Aldeanos / militares | 68 / 24 |
Foco
⚔️ 26.8% · 🌾 73.2%
Archer ×23 · Scout Cavalry ×1
Feudal
12:05
Castillos
27:46
Imperial
—
| APM promedio | 23.4 |
| APM pico | 70 |
| eAPM promedio | 10.4 |
| Aldeanos / militares | 46 / 6 |
Foco
⚔️ 8.7% · 🌾 91.3%
Archer ×6
Feudal
11:49
Castillos
21:17
Imperial
—
| APM promedio | 38.0 |
| APM pico | 99 |
| eAPM promedio | 16.4 |
| Aldeanos / militares | 57 / 45 |
Foco
⚔️ 16.2% · 🌾 83.8%
Militia ×28 · Spearman ×15 · Battering Ram ×2
Mapa de la partida
Recursos iniciales + cada clic de construcción. Líneas = muros · curvas = relieve. ◆ oro · ⬟ piedra · ● bayas · ✦ reliquia · ◌ hueco del cierre
Tu base· Abierta — hueco de 7t
Base de Like_2_win2· Abierta — hueco de 3t
Base de Duraznito· Abierta — hueco de 3t
Base de Feli_aoe· Abierta — flanco sin cerrar
Base de in440591· Abierta — flanco sin cerrar
Base de King Melgar· Abierta — flanco sin cerrar
Terreno inicial suavizado · ◌ = hueco del cierre detectado · pasá el cursor para detalles
Inputs por minuto
— 12ain_2_Weed - - Like_2_win2
Build order — 12ain_2_Weed
134 acciones detectadas en el replay
| 0:00 | Crear | Villager (Male) |
| 0:01 | Crear | Villager (Male) |
| 0:01 | Crear | Villager (Male) |
| 0:01 | Crear | Villager (Male) |
| 0:01 | Crear | Villager (Male) |
| 0:02 | Construir | House |
| 0:06 | Construir | Barracks |
| 0:40 | Crear | Villager (Male) |
| 0:40 | Crear | Villager (Male) |
| 0:40 | Crear | Villager (Male) |
| 0:40 | Crear | Villager (Male) |
| 0:41 | Crear | Villager (Male) |
| 0:41 | Crear | Villager (Male) |
| 1:03 | Crear | Militia |
| 1:31 | Crear | Militia |
| 2:15 | Crear | Militia |
| 2:19 | Construir | House |
| 2:55 | Crear | Villager (Male) |
| 2:56 | Crear | Villager (Male) |
| 3:52 | Crear | Villager (Male) |
| 3:52 | Crear | Villager (Male) |
| 4:10 | Crear | Villager (Male) |
| 4:10 | Crear | Villager (Male) |
| 4:37 | Crear | Villager (Male) |
| 4:37 | Crear | Villager (Male) |
| 4:37 | Crear | Villager (Male) |
| 4:44 | Construir | House |
| 5:20 | Crear | Villager (Male) |
| 5:20 | Crear | Villager (Male) |
| 6:05 | Crear | Villager (Male) |
| 6:05 | Crear | Villager (Male) |
| 6:05 | Crear | Villager (Male) |
| 6:05 | Crear | Villager (Male) |
| 6:05 | Crear | Villager (Male) |
| 6:05 | Crear | Villager (Male) |
| 6:05 | Crear | Villager (Male) |
| 6:56 | Construir | Mill |
| 6:58 | Crear | Villager (Male) |
| 6:58 | Crear | Villager (Male) |
| 7:58 | Construir | Lumber Camp |
| 8:06 | Crear | Villager (Male) |
| 8:06 | Crear | Villager (Male) |
| 8:06 | Crear | Villager (Male) |
| 8:43 | Crear | Villager (Male) |
| 8:43 | Crear | Villager (Male) |
| 8:43 | Crear | Villager (Male) |
| 9:00 | Crear | Villager (Male) |
| 9:01 | Crear | Villager (Male) |
| 9:01 | Crear | Villager (Male) |
| 9:01 | Crear | Villager (Male) |
| 9:01 | Crear | Villager (Male) |
| 9:01 | Crear | Villager (Male) |
| 9:28 | Crear | Villager (Male) |
| 9:28 | Crear | Villager (Male) |
| 9:33 | Construir | Farm |
| 9:47 | Construir | Farm |
| 9:51 | Construir | House |
| 10:23 | Construir | Farm |
| 10:36 | Construir | Farm |
| 10:38 | Construir | Farm |
| 10:45 | Crear | Villager (Male) |
| 10:45 | Crear | Villager (Male) |
| 11:06 | Crear | Villager (Male) |
| 11:06 | Crear | Villager (Male) |
| 11:19 | Investigar | Loom |
| 12:05 | Construir | House |
| 13:02 | Investigar | Feudal Age |
| 13:22 | Construir | Barracks |
| 13:27 | Construir | House |
| 13:32 | Construir | House |
| 13:34 | Construir | Palisade Wall |
| 14:04 | Construir | Mining Camp |
| 15:12 | Edad | Edad Feudal |
| 15:20 | Investigar | Double-Bit Axe |
| 15:25 | Investigar | Wheelbarrow |
| 15:39 | Investigar | Man-at-Arms (upgrade) |
| 15:40 | Crear | Militia |
| 15:59 | Construir | Watch Tower |
| 16:50 | Construir | Watch Tower |
| 16:55 | Crear | Villager (Male) |
| 16:55 | Crear | Villager (Male) |
| 16:57 | Crear | Villager (Male) |
| 17:01 | Investigar | Gold Mining |
| 17:26 | Investigar | Stone Mining |
| 17:50 | Construir | House |
| 17:58 | Construir | Farm |
| 18:10 | Crear | Militia |
| 18:10 | Crear | Militia |
| 18:30 | Construir | Farm |
| 18:34 | Crear | Militia |
| 18:34 | Crear | Militia |
| 18:45 | Crear | Militia |
| 18:45 | Crear | Militia |
| 18:45 | Crear | Militia |
| 18:46 | Crear | Militia |
| 18:46 | Crear | Militia |
| 18:46 | Crear | Militia |
| 18:54 | Investigar | Arson |
| 18:58 | Crear | Militia |
| 18:58 | Crear | Militia |
| 19:04 | Construir | Farm |
| 19:31 | Construir | Farm |
| 19:32 | Construir | Farm |
| 19:34 | Crear | Militia |
| 19:34 | Crear | Militia |
| 19:36 | Crear | Militia |
| 19:41 | Crear | Militia |
| 19:43 | Crear | Villager (Male) |
| 19:56 | Construir | Watch Tower |
| 20:07 | Crear | Militia |
| 20:19 | Construir | Watch Tower |
| 20:28 | Investigar | Arson |
| 20:30 | Crear | Militia |
| 20:49 | Construir | Farm |
| 21:15 | Construir | Watch Tower |
| 21:36 | Crear | Villager (Male) |
| 21:38 | Crear | Militia |
| 21:38 | Crear | Militia |
| 23:08 | Construir | Farm |
| 23:17 | Construir | Mining Camp |
| 24:09 | Construir | Watch Tower |
| 24:36 | Construir | Watch Tower |
| 25:49 | Construir | Stable |
| 26:23 | Construir | Watch Tower |
| 26:34 | Investigar | Bloodlines |
| 26:35 | Crear | Scout Cavalry |
| 26:35 | Crear | Scout Cavalry |
| 26:35 | Crear | Scout Cavalry |
| 26:35 | Crear | Scout Cavalry |
| 27:03 | Construir | Watch Tower |
| 27:08 | Construir | Stable |
| 27:21 | Construir | Farm |
| 28:09 | Construir | Farm |
| 28:11 | Construir | Farm |
Build order — Like_2_win2
139 acciones detectadas en el replay
| 0:04 | Construir | House |
| 0:12 | Crear | Villager (Male) |
| 0:12 | Crear | Villager (Male) |
| 0:12 | Crear | Villager (Male) |
| 0:13 | Crear | Villager (Male) |
| 0:13 | Crear | Villager (Male) |
| 1:34 | Crear | Villager (Male) |
| 1:43 | Construir | House |
| 2:12 | Crear | Villager (Male) |
| 2:35 | Crear | Villager (Male) |
| 2:47 | Construir | Mill |
| 3:31 | Construir | House |
| 3:37 | Crear | Villager (Male) |
| 3:38 | Crear | Villager (Male) |
| 4:03 | Crear | Villager (Male) |
| 4:38 | Crear | Villager (Male) |
| 4:38 | Crear | Villager (Male) |
| 5:03 | Construir | Lumber Camp |
| 5:08 | Crear | Villager (Male) |
| 5:08 | Crear | Villager (Male) |
| 5:20 | Crear | Villager (Male) |
| 5:28 | Crear | Villager (Male) |
| 5:53 | Crear | Villager (Male) |
| 6:21 | Construir | Mill |
| 6:44 | Crear | Villager (Male) |
| 7:07 | Investigar | Loom |
| 7:26 | Crear | Villager (Male) |
| 7:39 | Construir | House |
| 7:43 | Construir | House |
| 8:24 | Crear | Villager (Male) |
| 8:48 | Investigar | Feudal Age |
| 10:22 | Construir | Lumber Camp |
| 10:59 | Edad | Edad Feudal |
| 11:09 | Investigar | Wheelbarrow |
| 11:18 | Construir | Farm |
| 11:59 | Construir | Farm |
| 12:12 | Construir | Mining Camp |
| 12:29 | Crear | Villager (Male) |
| 12:29 | Crear | Villager (Male) |
| 12:29 | Crear | Villager (Male) |
| 12:39 | Investigar | Double-Bit Axe |
| 12:44 | Crear | Villager (Male) |
| 12:59 | Investigar | Gold Mining |
| 13:04 | Crear | Villager (Male) |
| 13:19 | Construir | Farm |
| 13:29 | Construir | Farm |
| 14:06 | Construir | Barracks |
| 14:10 | Investigar | Horse Collar |
| 14:16 | Construir | Farm |
| 14:33 | Crear | Villager (Male) |
| 14:34 | Crear | Villager (Male) |
| 14:44 | Construir | Farm |
| 14:48 | Crear | Villager (Male) |
| 15:09 | Construir | House |
| 15:16 | Construir | House |
| 15:21 | Crear | Villager (Male) |
| 15:33 | Construir | Blacksmith |
| 15:37 | Crear | Villager (Male) |
| 15:54 | Construir | Stable |
| 16:04 | Crear | Villager (Male) |
| 16:30 | Construir | Farm |
| 16:33 | Construir | Farm |
| 16:36 | Crear | Villager (Male) |
| 16:45 | Construir | Farm |
| 16:48 | Construir | Farm |
| 16:54 | Crear | Spearman |
| 16:55 | Crear | Spearman |
| 17:50 | Crear | Villager (Male) |
| 17:50 | Crear | Villager (Male) |
| 18:13 | Crear | Spearman |
| 18:14 | Crear | Spearman |
| 18:31 | Construir | Farm |
| 18:35 | Crear | Villager (Male) |
| 18:45 | Construir | Farm |
| 18:50 | Construir | Farm |
| 18:52 | Construir | Farm |
| 18:56 | Construir | Farm |
| 19:00 | Crear | Villager (Male) |
| 19:15 | Construir | Farm |
| 19:20 | Crear | Villager (Male) |
| 19:29 | Construir | Farm |
| 19:39 | Construir | Farm |
| 19:41 | Crear | Villager (Male) |
| 19:47 | Construir | House |
| 20:12 | Construir | Mining Camp |
| 20:32 | Crear | Spearman |
| 21:03 | Investigar | Forging |
| 21:08 | Investigar | Castle Age |
| 21:27 | Investigar | Stone Mining |
| 21:58 | Construir | House |
| 22:00 | Construir | House |
| 22:01 | Construir | House |
| 22:07 | Construir | House |
| 22:14 | Construir | House |
| 22:15 | Construir | House |
| 22:17 | Construir | House |
| 22:52 | Construir | Stone Wall |
| 22:58 | Construir | Gate |
| 23:05 | Construir | Stone Wall |
| 23:48 | Edad | Edad de los Castillos |
| 24:09 | Construir | Town Center |
| 24:14 | Investigar | Hand Cart |
| 24:19 | Investigar | Heavy Plow |
| 24:26 | Crear | Spearman |
| 24:26 | Crear | Spearman |
| 24:59 | Construir | Town Center |
| 25:13 | Investigar | Fletching |
| 25:17 | Crear | Villager (Male) |
| 25:17 | Crear | Villager (Male) |
| 25:17 | Crear | Villager (Male) |
| 25:17 | Crear | Villager (Male) |
| 25:47 | Construir | Town Center |
| 26:14 | Construir | Stable |
| 26:21 | Construir | Stable |
| 26:27 | Construir | Stable |
| 27:09 | Construir | Stable |
| 27:15 | Construir | Stable |
| 27:20 | Construir | Stable |
| 27:28 | Crear | Villager (Male) |
| 27:28 | Crear | Villager (Male) |
| 27:28 | Crear | Villager (Male) |
| 27:28 | Crear | Villager (Male) |
| 27:29 | Crear | Villager (Male) |
| 27:29 | Crear | Villager (Male) |
| 28:09 | Crear | Villager (Male) |
| 28:09 | Crear | Villager (Male) |
| 28:20 | Crear | Villager (Male) |
| 28:20 | Crear | Villager (Male) |
| 28:21 | Crear | Villager (Male) |
| 28:21 | Crear | Villager (Male) |
| 28:21 | Crear | Villager (Male) |
| 28:29 | Crear | Camel Scout |
| 28:29 | Crear | Camel Scout |
| 28:29 | Crear | Camel Scout |
| 28:30 | Crear | Camel Scout |
| 28:30 | Crear | Camel Scout |
| 28:30 | Crear | Camel Scout |
| 28:30 | Crear | Camel Scout |
| 28:31 | Crear | Camel Scout |
Build order — Duraznito
Primeras 150 de 158 acciones detectadas
| 0:01 | Crear | Villager (Male) |
| 0:01 | Crear | Villager (Male) |
| 0:01 | Crear | Villager (Male) |
| 0:02 | Construir | House |
| 0:04 | Construir | House |
| 0:15 | Crear | Villager (Male) |
| 0:15 | Crear | Villager (Male) |
| 1:26 | Crear | Villager (Male) |
| 1:27 | Crear | Villager (Male) |
| 1:27 | Crear | Villager (Male) |
| 1:45 | Construir | Lumber Camp |
| 2:03 | Crear | Villager (Male) |
| 2:03 | Crear | Villager (Male) |
| 2:03 | Crear | Villager (Male) |
| 2:18 | Crear | Villager (Male) |
| 2:19 | Crear | Villager (Male) |
| 2:41 | Crear | Villager (Male) |
| 2:41 | Crear | Villager (Male) |
| 3:05 | Crear | Villager (Male) |
| 3:05 | Crear | Villager (Male) |
| 3:05 | Crear | Villager (Male) |
| 3:58 | Construir | House |
| 3:59 | Construir | House |
| 4:29 | Crear | Villager (Male) |
| 4:34 | Crear | Villager (Male) |
| 5:14 | Crear | Villager (Male) |
| 5:14 | Crear | Villager (Male) |
| 5:28 | Crear | Villager (Male) |
| 5:29 | Crear | Villager (Male) |
| 6:05 | Crear | Villager (Male) |
| 6:40 | Crear | Villager (Male) |
| 6:55 | Construir | Mill |
| 7:12 | Crear | Villager (Male) |
| 8:10 | Construir | Mining Camp |
| 8:12 | Investigar | Loom |
| 8:13 | Investigar | Feudal Age |
| 8:49 | Crear | Villager (Male) |
| 9:11 | Crear | Villager (Male) |
| 9:18 | Crear | Villager (Male) |
| 9:22 | Construir | Barracks |
| 9:35 | Construir | House |
| 9:42 | Crear | Villager (Male) |
| 10:15 | Crear | Villager (Male) |
| 10:25 | Crear | Militia |
| 10:25 | Crear | Militia |
| 10:25 | Crear | Militia |
| 10:26 | Crear | Militia |
| 10:42 | Edad | Edad Feudal |
| 11:15 | Construir | Archery Range |
| 11:20 | Investigar | Man-at-Arms (upgrade) |
| 11:38 | Crear | Villager (Male) |
| 11:44 | Construir | Farm |
| 11:47 | Construir | Farm |
| 12:02 | Construir | House |
| 12:11 | Crear | Militia |
| 12:18 | Construir | Farm |
| 12:36 | Crear | Archer |
| 12:36 | Crear | Archer |
| 12:46 | Construir | Watch Tower |
| 13:03 | Crear | Villager (Male) |
| 13:06 | Crear | Archer |
| 13:11 | Construir | House |
| 13:14 | Construir | House |
| 13:17 | Crear | Villager (Male) |
| 13:33 | Crear | Villager (Male) |
| 13:38 | Construir | Palisade Wall |
| 13:40 | Construir | Palisade Wall |
| 13:43 | Construir | Palisade Wall |
| 13:46 | Construir | Palisade Wall |
| 13:48 | Construir | Palisade Wall |
| 13:51 | Construir | Palisade Wall |
| 14:01 | Construir | Palisade Wall |
| 14:04 | Crear | Villager (Male) |
| 14:07 | Construir | Farm |
| 14:07 | Construir | Farm |
| 14:07 | Construir | Farm |
| 14:18 | Construir | Blacksmith |
| 14:42 | Crear | Skirmisher |
| 14:42 | Crear | Skirmisher |
| 15:03 | Crear | Villager (Male) |
| 15:03 | Crear | Villager (Male) |
| 15:12 | Crear | Archer |
| 15:34 | Investigar | Fletching |
| 16:00 | Construir | Palisade Gate |
| 16:05 | Crear | Villager (Male) |
| 16:15 | Crear | Villager (Male) |
| 16:18 | Construir | Farm |
| 16:18 | Construir | Farm |
| 16:18 | Construir | Farm |
| 16:39 | Crear | Villager (Male) |
| 16:45 | Construir | Mining Camp |
| 16:55 | Crear | Villager (Male) |
| 16:55 | Crear | Villager (Male) |
| 17:44 | Construir | Palisade Gate |
| 17:46 | Construir | House |
| 17:48 | Crear | Villager (Male) |
| 17:48 | Crear | Villager (Male) |
| 17:52 | Construir | Farm |
| 17:52 | Construir | Farm |
| 17:56 | Construir | Farm |
| 18:04 | Construir | Market |
| 18:19 | Construir | Lumber Camp |
| 18:24 | Construir | Farm |
| 18:25 | Construir | Farm |
| 18:25 | Construir | Farm |
| 18:41 | Crear | Archer |
| 18:41 | Crear | Archer |
| 18:42 | Crear | Archer |
| 18:42 | Crear | Archer |
| 18:42 | Crear | Archer |
| 19:14 | Crear | Villager (Male) |
| 19:31 | Construir | Farm |
| 19:36 | Construir | Farm |
| 19:37 | Construir | Farm |
| 19:45 | Construir | Farm |
| 20:24 | Investigar | Castle Age |
| 20:24 | Investigar | Castle Age |
| 20:59 | Investigar | Padded Archer Armor |
| 21:04 | Crear | Villager (Male) |
| 21:17 | Construir | Farm |
| 21:17 | Construir | Farm |
| 21:51 | Construir | Gate |
| 21:56 | Construir | Stone Wall |
| 22:09 | Construir | Archery Range |
| 22:11 | Crear | Villager (Male) |
| 22:20 | Crear | Villager (Male) |
| 22:23 | Investigar | Double-Bit Axe |
| 22:30 | Investigar | Wheelbarrow |
| 22:38 | Crear | Archer |
| 22:39 | Crear | Skirmisher |
| 23:04 | Edad | Edad de los Castillos |
| 23:05 | Investigar | Bodkin Arrow |
| 23:06 | Investigar | Leather Archer Armor |
| 23:29 | Investigar | Crossbowman (upgrade) |
| 23:42 | Construir | University |
| 23:45 | Crear | Villager (Male) |
| 23:57 | Construir | Siege Workshop |
| 24:05 | Crear | Cavalry Archer |
| 24:06 | Crear | Cavalry Archer |
| 24:06 | Crear | Cavalry Archer |
| 24:49 | Crear | Mangonel |
| 26:05 | Investigar | Ballistics |
| 26:11 | Crear | Cavalry Archer |
| 26:11 | Crear | Cavalry Archer |
| 26:12 | Crear | Cavalry Archer |
| 26:55 | Crear | Cavalry Archer |
| 26:55 | Crear | Cavalry Archer |
| 26:55 | Crear | Cavalry Archer |
| 27:16 | Crear | Mangonel |
| 27:17 | Crear | Villager (Male) |
Build order — Feli_aoe
Primeras 150 de 158 acciones detectadas
| 0:02 | Investigar | Loom |
| 0:02 | Investigar | Loom |
| 0:50 | Crear | Villager (Male) |
| 1:56 | Crear | Villager (Male) |
| 1:56 | Crear | Villager (Male) |
| 2:30 | Construir | Lumber Camp |
| 2:42 | Construir | Lumber Camp |
| 2:49 | Crear | Villager (Male) |
| 2:50 | Crear | Villager (Male) |
| 3:03 | Crear | Villager (Male) |
| 3:03 | Crear | Villager (Male) |
| 3:04 | Crear | Villager (Male) |
| 3:37 | Crear | Villager (Male) |
| 3:37 | Crear | Villager (Male) |
| 4:18 | Crear | Villager (Male) |
| 4:18 | Crear | Villager (Male) |
| 4:25 | Construir | House |
| 4:31 | Construir | House |
| 5:06 | Crear | Villager (Male) |
| 5:06 | Crear | Villager (Male) |
| 5:06 | Crear | Villager (Male) |
| 6:14 | Crear | Villager (Male) |
| 6:19 | Construir | Mill |
| 6:33 | Crear | Villager (Male) |
| 7:07 | Crear | Villager (Male) |
| 7:23 | Crear | Villager (Male) |
| 7:42 | Construir | Palisade Gate |
| 7:49 | Construir | House |
| 7:50 | Construir | House |
| 8:10 | Crear | Villager (Male) |
| 8:10 | Crear | Villager (Male) |
| 8:10 | Crear | Villager (Male) |
| 8:38 | Crear | Villager (Male) |
| 8:38 | Crear | Villager (Male) |
| 9:26 | Crear | Villager (Male) |
| 9:43 | Crear | Villager (Male) |
| 10:19 | Crear | Villager (Male) |
| 10:21 | Crear | Villager (Male) |
| 10:38 | Crear | Villager (Male) |
| 11:03 | Crear | Villager (Male) |
| 11:06 | Investigar | Feudal Age |
| 11:19 | Construir | Mining Camp |
| 11:27 | Crear | Villager (Male) |
| 11:45 | Crear | Villager (Male) |
| 12:01 | Crear | Villager (Male) |
| 12:25 | Construir | Mill |
| 13:19 | Edad | Edad Feudal |
| 13:27 | Crear | Villager (Male) |
| 13:28 | Crear | Villager (Male) |
| 13:47 | Crear | Villager (Male) |
| 13:54 | Construir | Barracks |
| 14:14 | Investigar | Double-Bit Axe |
| 15:08 | Construir | Stable |
| 15:15 | Construir | Mill |
| 15:37 | Construir | Farm |
| 15:38 | Crear | Villager (Male) |
| 15:39 | Crear | Villager (Male) |
| 15:45 | Crear | Villager (Male) |
| 16:15 | Crear | Villager (Male) |
| 16:55 | Construir | Lumber Camp |
| 16:57 | Crear | Villager (Male) |
| 16:58 | Crear | Villager (Male) |
| 17:05 | Crear | Scout Cavalry |
| 17:13 | Construir | Farm |
| 17:16 | Construir | Farm |
| 17:19 | Construir | Farm |
| 17:22 | Construir | Farm |
| 18:01 | Construir | Farm |
| 18:01 | Construir | Farm |
| 18:01 | Construir | Farm |
| 18:02 | Construir | Farm |
| 18:02 | Construir | Farm |
| 18:02 | Construir | Farm |
| 18:02 | Construir | Farm |
| 18:03 | Construir | Farm |
| 18:04 | Crear | Villager (Male) |
| 18:05 | Crear | Villager (Male) |
| 18:14 | Construir | Farm |
| 18:15 | Crear | Villager (Male) |
| 18:25 | Construir | Farm |
| 18:26 | Crear | Villager (Male) |
| 18:57 | Construir | Farm |
| 18:57 | Construir | Farm |
| 18:57 | Construir | Farm |
| 18:57 | Construir | Farm |
| 18:58 | Construir | Farm |
| 18:58 | Construir | Farm |
| 18:58 | Construir | Farm |
| 19:01 | Crear | Villager (Male) |
| 19:20 | Construir | House |
| 19:35 | Construir | Farm |
| 19:40 | Construir | Farm |
| 19:50 | Construir | Archery Range |
| 19:54 | Crear | Villager (Male) |
| 20:02 | Construir | Farm |
| 20:02 | Construir | Farm |
| 20:02 | Construir | Farm |
| 20:02 | Construir | Farm |
| 20:02 | Construir | Farm |
| 20:03 | Construir | Farm |
| 20:03 | Construir | Farm |
| 20:25 | Crear | Villager (Male) |
| 20:26 | Crear | Villager (Male) |
| 20:40 | Crear | Villager (Male) |
| 20:44 | Construir | Farm |
| 21:33 | Crear | Archer |
| 21:33 | Crear | Archer |
| 21:33 | Crear | Archer |
| 21:33 | Crear | Archer |
| 21:34 | Crear | Archer |
| 21:34 | Crear | Archer |
| 21:34 | Crear | Archer |
| 21:34 | Crear | Archer |
| 21:35 | Crear | Archer |
| 21:59 | Crear | Villager (Male) |
| 21:59 | Crear | Villager (Male) |
| 21:59 | Crear | Villager (Male) |
| 22:24 | Investigar | Castle Age |
| 22:24 | Investigar | Castle Age |
| 23:14 | Construir | Archery Range |
| 23:18 | Crear | Villager (Male) |
| 23:19 | Crear | Villager (Male) |
| 23:29 | Investigar | Horse Collar |
| 23:48 | Crear | Villager (Male) |
| 23:58 | Construir | Mining Camp |
| 24:07 | Crear | Villager (Male) |
| 24:11 | Investigar | Wheelbarrow |
| 24:16 | Investigar | Gold Mining |
| 24:23 | Crear | Villager (Male) |
| 24:38 | Construir | Mining Camp |
| 24:57 | Crear | Archer |
| 24:57 | Crear | Archer |
| 25:04 | Edad | Edad de los Castillos |
| 25:11 | Investigar | Crossbowman (upgrade) |
| 25:49 | Crear | Villager (Male) |
| 25:50 | Crear | Villager (Male) |
| 26:14 | Crear | Villager (Male) |
| 26:48 | Crear | Villager (Male) |
| 27:04 | Crear | Villager (Male) |
| 27:18 | Crear | Villager (Male) |
| 27:36 | Construir | Mining Camp |
| 27:42 | Crear | Archer |
| 27:42 | Crear | Archer |
| 27:43 | Crear | Archer |
| 27:43 | Crear | Archer |
| 27:44 | Crear | Archer |
| 27:45 | Crear | Archer |
| 27:45 | Crear | Archer |
| 27:46 | Crear | Archer |
| 27:47 | Crear | Archer |
Build order — in440591
98 acciones detectadas en el replay
| 0:25 | Construir | House |
| 1:00 | Crear | Villager (Male) |
| 1:00 | Investigar | Loom |
| 1:01 | Crear | Villager (Male) |
| 1:01 | Crear | Villager (Male) |
| 1:01 | Crear | Villager (Male) |
| 1:01 | Crear | Villager (Male) |
| 1:12 | Construir | House |
| 1:15 | Construir | House |
| 1:16 | Construir | House |
| 1:18 | Construir | House |
| 2:19 | Crear | Villager (Male) |
| 2:54 | Crear | Villager (Male) |
| 3:06 | Construir | House |
| 3:26 | Crear | Villager (Male) |
| 4:01 | Crear | Villager (Male) |
| 4:50 | Crear | Villager (Male) |
| 4:58 | Crear | Villager (Male) |
| 5:12 | Crear | Villager (Male) |
| 5:38 | Crear | Villager (Male) |
| 5:58 | Crear | Villager (Male) |
| 6:03 | Construir | Lumber Camp |
| 6:42 | Crear | Villager (Male) |
| 6:43 | Crear | Villager (Male) |
| 7:27 | Construir | Mill |
| 7:45 | Crear | Villager (Male) |
| 9:07 | Construir | Mill |
| 9:55 | Investigar | Feudal Age |
| 10:08 | Construir | Barracks |
| 11:56 | Construir | Mining Camp |
| 12:01 | Crear | Villager (Male) |
| 12:02 | Crear | Villager (Male) |
| 12:05 | Edad | Edad Feudal |
| 12:15 | Construir | Archery Range |
| 12:42 | Construir | Watch Tower |
| 12:48 | Crear | Villager (Male) |
| 12:49 | Crear | Villager (Male) |
| 13:03 | Construir | Mining Camp |
| 13:44 | Crear | Archer |
| 13:44 | Crear | Archer |
| 13:50 | Construir | Mining Camp |
| 14:35 | Construir | Farm |
| 14:36 | Construir | Farm |
| 14:38 | Construir | Farm |
| 14:39 | Construir | Farm |
| 14:41 | Construir | Farm |
| 14:47 | Construir | Farm |
| 14:53 | Construir | Farm |
| 15:06 | Construir | Farm |
| 15:08 | Crear | Villager (Male) |
| 15:08 | Crear | Villager (Male) |
| 15:18 | Crear | Archer |
| 15:19 | Crear | Archer |
| 15:19 | Crear | Archer |
| 15:49 | Construir | Farm |
| 15:55 | Construir | Mining Camp |
| 16:15 | Construir | Farm |
| 16:50 | Crear | Villager (Male) |
| 16:51 | Crear | Villager (Male) |
| 16:51 | Crear | Villager (Male) |
| 18:24 | Crear | Villager (Male) |
| 18:25 | Crear | Villager (Male) |
| 18:52 | Crear | Villager (Male) |
| 18:52 | Crear | Villager (Male) |
| 19:05 | Construir | Farm |
| 19:50 | Construir | Mining Camp |
| 20:14 | Crear | Villager (Male) |
| 20:14 | Crear | Villager (Male) |
| 20:30 | Construir | House |
| 20:36 | Crear | Villager (Male) |
| 20:50 | Crear | Villager (Male) |
| 21:00 | Construir | House |
| 21:35 | Construir | House |
| 21:42 | Crear | Villager (Male) |
| 21:43 | Crear | Villager (Male) |
| 21:55 | Construir | Lumber Camp |
| 22:26 | Crear | Villager (Male) |
| 22:26 | Crear | Villager (Male) |
| 23:29 | Crear | Villager (Male) |
| 23:30 | Crear | Villager (Male) |
| 23:35 | Construir | Blacksmith |
| 23:43 | Crear | Villager (Male) |
| 24:07 | Construir | Farm |
| 25:06 | Investigar | Castle Age |
| 25:08 | Construir | Farm |
| 25:09 | Construir | Farm |
| 25:40 | Construir | Mining Camp |
| 26:17 | Crear | Archer |
| 26:36 | Crear | Villager (Male) |
| 26:36 | Crear | Villager (Male) |
| 26:36 | Crear | Villager (Male) |
| 27:00 | Crear | Villager (Male) |
| 27:38 | Crear | Villager (Male) |
| 27:46 | Edad | Edad de los Castillos |
| 27:50 | Construir | Farm |
| 28:07 | Construir | Town Center |
| 28:18 | Construir | Town Center |
| 28:36 | Construir | Farm |
Build order — King Melgar
147 acciones detectadas en el replay
| 0:02 | Crear | Villager (Male) ×4 |
| 0:04 | Construir | House |
| 0:05 | Construir | House |
| 2:04 | Construir | Lumber Camp |
| 2:05 | Crear | Villager (Male) |
| 2:05 | Crear | Villager (Male) |
| 2:06 | Crear | Villager (Male) |
| 2:48 | Crear | Villager (Male) |
| 2:48 | Crear | Villager (Male) |
| 3:31 | Crear | Villager (Male) |
| 3:31 | Crear | Villager (Male) |
| 4:07 | Crear | Villager (Male) |
| 4:07 | Crear | Villager (Male) |
| 4:08 | Crear | Villager (Male) |
| 4:40 | Construir | House |
| 4:52 | Crear | Villager (Male) |
| 4:52 | Crear | Villager (Male) |
| 5:11 | Construir | Mill |
| 6:00 | Crear | Villager (Male) |
| 6:00 | Crear | Villager (Male) |
| 6:00 | Crear | Villager (Male) |
| 6:35 | Crear | Villager (Male) |
| 6:48 | Construir | Mill |
| 7:00 | Construir | House |
| 7:54 | Construir | Mining Camp |
| 8:04 | Crear | Villager (Male) |
| 8:13 | Crear | Villager (Male) |
| 8:38 | Investigar | Loom |
| 8:56 | Crear | Villager (Male) |
| 9:02 | Construir | Barracks |
| 9:35 | Investigar | Feudal Age |
| 9:35 | Investigar | Feudal Age |
| 9:42 | Construir | House |
| 10:30 | Crear | Militia |
| 10:30 | Crear | Militia |
| 10:30 | Crear | Militia |
| 11:11 | Crear | Villager (Male) |
| 11:11 | Crear | Villager (Male) |
| 11:14 | Crear | Militia |
| 11:28 | Crear | Villager (Male) |
| 11:49 | Edad | Edad Feudal |
| 12:07 | Investigar | Man-at-Arms (upgrade) |
| 12:07 | Investigar | Man-at-Arms (upgrade) |
| 12:20 | Construir | Blacksmith |
| 12:50 | Crear | Villager (Male) |
| 12:50 | Crear | Villager (Male) |
| 13:10 | Crear | Villager (Male) |
| 13:36 | Construir | Farm |
| 13:54 | Construir | Farm |
| 13:57 | Construir | Farm |
| 13:57 | Construir | Farm |
| 13:57 | Construir | Farm |
| 13:57 | Construir | Farm |
| 13:58 | Construir | Farm |
| 14:01 | Investigar | Forging |
| 14:35 | Investigar | Scale Mail Armor |
| 14:52 | Crear | Villager (Male) |
| 15:36 | Crear | Villager (Male) |
| 15:49 | Construir | Market |
| 15:52 | Investigar | Horse Collar |
| 16:03 | Crear | Villager (Male) |
| 16:13 | Construir | Farm |
| 16:16 | Crear | Villager (Male) |
| 16:36 | Crear | Villager (Male) |
| 16:39 | Construir | Farm |
| 17:10 | Construir | House |
| 17:11 | Construir | House |
| 17:11 | Construir | House |
| 17:14 | Construir | House |
| 17:32 | Crear | Villager (Male) |
| 17:36 | Construir | Farm |
| 17:36 | Construir | Farm |
| 17:37 | Construir | Farm |
| 17:42 | Investigar | Double-Bit Axe |
| 18:23 | Construir | Farm |
| 18:26 | Construir | Farm |
| 18:37 | Investigar | Castle Age |
| 18:38 | Investigar | Castle Age |
| 19:04 | Crear | Militia |
| 19:04 | Crear | Militia |
| 19:31 | Crear | Villager (Male) |
| 19:31 | Crear | Villager (Male) |
| 19:49 | Crear | Spearman |
| 19:49 | Crear | Spearman |
| 20:22 | Crear | Militia |
| 20:23 | Crear | Militia |
| 20:30 | Construir | Barracks |
| 21:17 | Edad | Edad de los Castillos |
| 21:20 | Construir | Siege Workshop |
| 21:23 | Investigar | Long Swordsman (upgrade) |
| 21:24 | Investigar | Squires |
| 21:26 | Investigar | Iron Casting |
| 21:57 | Crear | Villager (Male) |
| 21:57 | Crear | Villager (Male) |
| 22:02 | Construir | Farm |
| 22:04 | Construir | Farm |
| 22:04 | Construir | Farm |
| 22:06 | Crear | Battering Ram |
| 22:07 | Crear | Battering Ram |
| 22:28 | Crear | Militia ×5 |
| 22:35 | Construir | Monastery |
| 22:38 | Crear | Villager (Male) |
| 22:38 | Crear | Villager (Male) |
| 22:54 | Crear | Villager (Male) |
| 23:20 | Crear | Villager (Male) |
| 23:20 | Crear | Villager (Male) |
| 23:25 | Construir | Farm |
| 23:26 | Construir | Farm |
| 23:26 | Construir | Farm |
| 23:26 | Construir | Farm |
| 23:26 | Construir | Farm |
| 24:17 | Construir | Farm |
| 24:17 | Construir | Farm |
| 24:17 | Construir | Farm |
| 24:20 | Crear | Villager (Male) |
| 24:20 | Crear | Villager (Male) |
| 24:21 | Crear | Villager (Male) |
| 24:29 | Crear | Militia ×5 |
| 24:41 | Construir | Lumber Camp |
| 25:27 | Construir | House |
| 25:27 | Construir | House |
| 25:27 | Construir | House |
| 25:27 | Construir | House |
| 25:28 | Construir | House |
| 25:28 | Construir | House |
| 25:59 | Crear | Militia ×5 |
| 26:07 | Crear | Villager (Male) |
| 26:07 | Crear | Villager (Male) |
| 26:13 | Crear | Villager (Male) |
| 26:13 | Crear | Villager (Male) |
| 26:17 | Investigar | Bow Saw |
| 26:32 | Crear | Militia ×5 |
| 26:45 | Crear | Spearman ×3 |
| 26:48 | Crear | Villager (Male) |
| 26:49 | Crear | Villager (Male) |
| 27:18 | Crear | Villager (Male) |
| 27:18 | Crear | Villager (Male) |
| 27:47 | Crear | Villager (Male) |
| 27:47 | Crear | Villager (Male) |
| 27:56 | Construir | Town Center |
| 28:19 | Investigar | Pikeman (upgrade) |
| 28:20 | Crear | Spearman ×5 |
| 28:20 | Crear | Spearman ×5 |
| 28:32 | Construir | House |
| 28:32 | Construir | House |
| 28:32 | Construir | House |
| 28:32 | Construir | House |
Cronología de la partida
| 0:06 | 12ain_2_Weed · first_building Barracks |
| 9:02 | King Melgar · first_building Barracks |
| 9:22 | Duraznito · first_building Barracks |
| 10:08 | in440591 · first_building Barracks |
| 10:42 | Duraznito · age_up feudal |
| 10:59 | Like_2_win2 · age_up feudal |
| 11:15 | Duraznito · first_building Archery Range |
| 11:49 | King Melgar · age_up feudal |
| 12:05 | in440591 · age_up feudal |
| 12:15 | in440591 · first_building Archery Range |
| 13:19 | Feli_aoe · age_up feudal |
| 13:34 | 12ain_2_Weed · wall_segment Palisade Wall x3 |
| 13:38 | Duraznito · wall_segment Palisade Wall x1 |
| 13:40 | Duraznito · wall_segment Palisade Wall x1 |
| 13:43 | Duraznito · wall_segment Palisade Wall x1 |
| 13:46 | Duraznito · wall_segment Palisade Wall x1 |
| 13:48 | Duraznito · wall_segment Palisade Wall x1 |
| 13:51 | Duraznito · wall_segment Palisade Wall x1 |
| 13:54 | Feli_aoe · first_building Barracks |
| 14:01 | Duraznito · wall_segment Palisade Wall x6 |
| 14:06 | Like_2_win2 · first_building Barracks |
| 15:08 | Feli_aoe · first_building Stable |
| 15:12 | 12ain_2_Weed · age_up feudal |
| 15:54 | Like_2_win2 · first_building Stable |
| 17:17 | King Melgar · first_market_buy 100 food |
| 19:50 | Feli_aoe · first_building Archery Range |
| 19:51 | Duraznito · first_market_buy 100 food |
| 21:17 | King Melgar · age_up castle |
| 21:20 | King Melgar · first_building Siege Workshop |
| 21:56 | Duraznito · wall_segment Stone Wall x1 |
| 22:35 | King Melgar · first_building Monastery |
| 22:52 | Like_2_win2 · wall_segment Stone Wall x4 |
| 23:04 | Duraznito · age_up castle |
| 23:05 | Like_2_win2 · wall_segment Stone Wall x4 |
| 23:24 | Duraznito · first_market_sell 100 wood |
| 23:48 | Like_2_win2 · age_up castle |
| 23:57 | Duraznito · first_building Siege Workshop |
| 25:04 | Feli_aoe · age_up castle |
| 25:49 | 12ain_2_Weed · first_building Stable |
| 27:46 | in440591 · age_up castle |
| 28:33 | 12ain_2_Weed · resign |
[ ANÁLISIS IA · 1 CRÉDITO ]
¿Qué pasó realmente en esta partida?
Wolo.gg analiza cada decisión: build order, eco, micro, errores típicos por bracket. Análisis personalizado por WhatsApp o Discord en 30 segundos.
Guía civ
Tártaros
Perfil
Jugador #24334961